 Dungeon Crawl Stone Soup version 0.26-a0-639-g72c4674329 (webtiles) character file.

Game seed: 17282931055351812657

24673 Kaptain the Geomancer (level 13, 0/78 HPs)
             Began as a Gargoyle Earth Elementalist on Sept 17, 2020.
             Slain by a sun demon (11 damage)
             ... in a volcano.
             The game lasted 00:57:53 (15345 turns).

Kaptain the Geomancer (GrEE)                       Turns: 15345, Time: 00:57:54

Health: 0/78       AC: 19    Str: 13    XL:     13   Next: 14%
Magic:  8/27       EV: 11    Int: 20    God:
Gold:   509        SH:  0    Dex: 10    Spells: 10/32 levels left

rFire    + . .     SeeInvis +   y - +2 short sword (venom)
rCold    . . .     Faith    .   (no shield)
rNeg     + . .     Spirit   .   I - +0 troll leather armour
rPois    ∞         Reflect  .   i - +0 helmet
rElec    +         Harm     .   K - scarf {repulsion}
rCorr    .         Rampage  .   g - +0 pair of gloves
MR       +....                  C - +0 pair of boots
Stlth    +++.......             o - amulet of magic regeneration
HPRegen  0.63/turn              E - ring of see invisible
MPRegen  0.45/turn              l - ring of Xom's Passing Interest {rF+ MR+}

@: repel missiles
A: negative energy resistance 1, electricity resistance, unbreathing,
petrification resistance, rot immunity, AC +9
a: no special abilities


You were in a volcano.
You visited 3 branches of the dungeon, and saw 16 of its levels.
You also visited: Bailey and Volcano.

You collected 1034 gold pieces.
You spent 525 gold pieces at shops.

Inventory:

Hand Weapons
 q - a +0 trident of electrocution
 y - a +2 short sword of venom (weapon)
 J - a +1 scimitar of flaming
Missiles
 F - 73 stones (quivered)
Armour
 g - a +0 pair of gloves (worn)
 i - a +0 helmet (worn)
 k - +0 swamp dragon scales
 x - the +1 pair of boots of Leaves {rPois rCorr Int-3 Dex+5}
   (You found it in a bailey)

   It affects your intelligence (-3).
   It affects your dexterity (+5).
   It protects you from poison.
   It provides partial protection from all sources of acid and corrosion.
 C - a +0 pair of boots (worn)
 I - a +0 troll leather armour (worn)
 K - a scarf of repulsion (worn)
Jewellery
 b - a +6 ring of intelligence
 h - an uncursed ring of ice
 l - the ring of Xom's Passing Interest (right hand) {rF+ MR+}
   (You found it on level 10 of the Dungeon)

   [ring of protection from magic]

   It protects you from fire.
   It affects your resistance to hostile enchantments.
 n - an uncursed ring of positive energy
 o - an amulet of magic regeneration (around neck)
 s - an uncursed amulet of reflection
 E - a ring of see invisible (left hand)
Wands
 d - a wand of iceblast (11)
 H - a wand of digging (7)
Scrolls
 a - 5 scrolls of fog
 c - 7 scrolls of remove curse
 j - 9 scrolls of identify
 p - 5 scrolls of enchant weapon
 r - 4 scrolls of fear
 t - 2 scrolls of amnesia
 u - 5 scrolls of teleportation
 v - 2 scrolls of magic mapping
 A - a scroll of blinking
 M - a scroll of vulnerability {unknown}
Potions
 e - 6 potions of stabbing
 f - a potion of invisibility
 m - a potion of brilliance
 z - 2 potions of curing
 D - a potion of flight
 L - 2 potions of haste
Miscellaneous
 w - a lightning rod (4/4)
 B - a phial of floods
 G - a box of beasts (2/3)


   Skills:
 + Level 8.2 Fighting
 + Level 8.3 Armour
 - Level 1.5 Dodging
 + Level 8.4 Stealth
 * Level 10.1 Spellcasting
 * Level 10.3 Conjurations
 - Level 0.7 Transmutations
 * Level 13.0 Earth Magic


You had 10 spell levels left.
You knew the following spells:

 Your Spells              Type           Power        Failure   Level
a - Sandblast             Erth           ######       1%          1
b - Stone Arrow           Conj/Erth      ######       1%          3
c - Lee's Rapid Deconstr  Erth           ######....   1%          5
d - Passwall              Tmut/Erth      #####...     1%          2
e - Bolt of Magma         Conj/Fire/Erth #####.....   10%         5
f - Iron Shot             Conj/Erth      ######....   11%         6

Your spell library contained the following spells:

 Spells                   Type           Power        Failure   Level
 Dazzling Flash           Conj/Hex       ####..       3%          3
 Petrify                  Tmut/Erth      #####...     4%          4
 Leda's Liquefaction      Hex/Erth       #####.....   6%          4
 Corona                   Hex            ##.....      9%          1
 Ensorcelled Hibernation  Hex/Ice        ##....       13%         2
 Confusing Touch          Hex            ##......     26%         3
 Tukima's Dance           Hex            ##......     26%         3
 Shatter                  Erth           ######....   100%        9
 Statue Form              Tmut/Erth      Unusable     N/A         6

Dungeon Overview and Level Annotations

Branches:
Dungeon (10/15)            Temple (1/1) D:7            Lair (5/6) D:10
 Shoals (0/4) Lair:4        Snake (0/4) Lair:4       Bailey (visited)
Volcano (1/1)
  Slime: Lair:5-6       Orc: D:9-12

Altars:
Ashenzari
Cheibriados
Dithmenos
Elyvilon
Fedhas
Gozag
Hepliaklqana
Kikubaaqudgha
Makhleb
Nemelex Xobeh
Okawaru
Qazlal
Ru
Sif Muna
Trog
Uskayaw
Vehumet
Wu Jian
Xom
Yredelemnul
Zin
The Shining One

Shops:
D:8 *=:

Annotations:
Lair:3 1 runed translucent door, Sutsebef's ghost, journeyman TrFi


Innate Abilities, Weirdness & Mutations

You are resistant to torment.
Your stone body is resilient. (AC +9)
You are immune to poison.
You resist negative energy. (rN+)
You are resistant to electric shocks. (rElec)
You can survive without breathing.
You are immune to petrification.
You are immune to rotting.


Message History

Evoke which item? (* to show all) (? for menu, Esc to quit)
Press: ? - help, Shift-Dir - straight line, p - sun demon The mass of ice explodes!
The iceblast engulfs the sun demon.
The sun demon is heavily wounded.
You hear a bark!
The sun demon completely misses you.
Evoke which item? (* to show all) (? for menu, Esc to quit)
Aiming: Iceblast
Press: ? - help, Shift-Dir - straight line The mass of ice explodes!
The iceblast engulfs the sun demon!!
The sun demon is frozen!
The sun demon is severely wounded.
The sun demon hits you.
You are engulfed in flames!
You resist.
* * * LOW HITPOINT WARNING * * *
The sun demon hits you!
* * * LOW HITPOINT WARNING * * *
You are engulfed in flames!
You resist.
* * * LOW HITPOINT WARNING * * *
You feel better. The sun demon hits you!
You die...

......≈§≈§≈≈≈§......
###....§≈≈≈≈§§≈≈≈≈....#
#....≈≈§≈§≈§§≈≈≈≈§....#
##....≈≈≈≈≈≈§§§§§≈....
#.....≈≈≈≈≈≈≈≈≈≈≈...#
#...§§≈≈≈≈≈≈≈≈≈...#
##..§.§§≈≈≈§....# #
##...............#
§##.##....##..##@3.#
§≈.#########.#####.#
≈≈.## ### #.## ..§.#
#.§# §..## ##§§ ≈∩∩.#
)∩§≈ ≈§..# ).≈§≈ ≈≈§..#
$!?≈≈## ≈≈≈.## $§§☼≈#


You could see a sun demon.

Vanquished Creatures
  A hydra (Lair:4)
  Erica (D:10)
  A two-headed ogre (D:8)
  Urug (Lair:2)
  An orc knight (Bailey)
  An ugly thing (Volcano)
  A manticore (Lair:4)
  An oklob plant (Lair:1)
  3 black mambas
  Joseph (D:10)
  3 cane toads
  Maggie (D:6)
  3 rime drakes
  3 komodo dragons
  A red devil (Volcano)
  A troll (D:9)
  5 dream sheep (Lair:5)
  8 blink frogs
  10 hippogriffs
  Sigmund (D:3)
  4 wyverns
  15 yaks
  A basilisk (Lair:1)
  4 nagas (Lair:4)
  14 porcupines
  2 hell hounds (Lair:5)
  7 water moccasins
  6 orc warriors
  A hornet zombie (D:8)
  4 sky beasts
  2 ice beasts (D:8)
  2 black bears (D:10)
  A necrophage (D:9)
  8 phantoms
  4 wolves (Lair:1)
  3 centaurs
  7 crocodiles
  8 bullfrogs
  2 big kobolds
  9 killer bees (D:9)
  7 wights
  4 howler monkeys
  6 hounds
  A quasit (D:9)
  2 jellies
  5 orc priests
  A centaur skeleton (D:8)
  11 orc wizards
  A bullfrog skeleton (D:5)
  Jessica (D:3)
  Natasha (thrice) (D:3)
  7 worker ants
  2 hound skeletons
  A hound zombie (D:7)
  A howler monkey skeleton (D:10)
  10 gnolls
  9 adders
  5 shadow imps
  5 white imps
  5 ufetubi
  3 oozes
  An adder skeleton (D:4)
  A worm (D:3)
  5 dart slugs
  A leopard gecko (D:1)
  30 orcs
  7 bats
  3 giant cockroaches
  12 goblins
  11 hobgoblins
  9 jackals
  34 kobolds
  5 quokkas
  3 ball pythons
  4 frilled lizards
  A jackal skeleton (D:5)
  A leopard gecko skeleton (D:4)
  2 quokka skeletons
  A quokka zombie (D:7)
  8 rats
381 creatures vanquished.

Vanquished Creatures (others)
  46 fungi
  51 plants
97 creatures vanquished.

Grand Total: 478 creatures vanquished

Notes
Turn   | Place    | Note
-------+----------+-------------------------------------------
     0 | D:1      | Kaptain the Gargoyle Earth Elementalist began the quest for
                  | the Orb.
     0 | D:1      | Reached XP level 1. HP: 10/10 MP: 3/3
   366 | D:1      | Reached XP level 2. HP: 16/16 MP: 1/5
   646 | D:1      | Reached skill level 4 in Earth Magic
   831 | D:1      | Reached skill level 1 in Fighting
   912 | D:1      | Reached XP level 3. HP: 20/20 MP: 4/6
  1025 | D:2      | Reached skill level 1 in Armour
  1113 | D:2      | Noticed a cacodemon
  1114 | D:2      | Found a burning altar of Makhleb.
  1117 | D:2      | Found a glowing silver altar of Zin.
  1117 | D:2      | Noticed an angel
  1467 | D:2      | Reached XP level 4. HP: 25/25 MP: 5/8
  2000 | D:2      | Noticed a phantom
  2016 | D:2      | Killed a phantom
  2016 | D:2      | Reached XP level 5. HP: 26/30 MP: 0/9
  2021 | D:2      | Learned a level 3 spell: Stone Arrow
  2027 | D:2      | Learned a level 5 spell: Lee's Rapid Deconstruction
  2220 | D:3      | Reached skill level 5 in Earth Magic
  2283 | D:3      | Noticed Sigmund
  2344 | D:3      | Found a faded altar of an unknown god.
  2646 | D:3      | Noticed Jessica
  2649 | D:3      | Killed Jessica
  2778 | D:3      | Noticed Natasha
  2784 | D:3      | Killed Natasha
  2784 | D:3      | Reached XP level 6. HP: 35/35 MP: 8/11
  2836 | D:3      | Noticed Natasha
  2839 | D:3      | Killed Natasha
  2913 | D:3      | Noticed Natasha
  2916 | D:3      | Killed Natasha
  2994 | D:3      | Killed Sigmund
  2994 | D:3      | Reached skill level 6 in Earth Magic
  2994 | D:3      | Reached XP level 7. HP: 40/40 MP: 7/13
  3942 | D:4      | Found a sacrificial altar of Ru.
  4183 | D:5      | Entered Level 5 of the Dungeon
  4202 | D:5      | Found a shattered altar of Ashenzari.
  4205 | D:5      | Found a sparkling altar of Nemelex Xobeh.
  4206 | D:5      | Found an ornate altar of the Wu Jian Council.
  4240 | D:5      | Found a snail-covered altar of Cheibriados.
  4346 | D:5      | Reached skill level 5 in Spellcasting
  4430 | D:5      | Reached skill level 7 in Earth Magic
  4430 | D:5      | Reached XP level 8. HP: 47/47 MP: 13/15
  4534 | D:5      | Reached skill level 1 in Conjurations
  5150 | D:6      | Noticed Maggie
  5198 | D:6      | Killed Maggie
  5712 | D:6      | Reached XP level 9. HP: 30/52 MP: 2/17
  5930 | D:6      | Reached skill level 8 in Earth Magic
  6097 | D:6      | Found a blossoming altar of Fedhas.
  6098 | D:6      | Found a sacrificial altar of Ru.
  6099 | D:6      | Found a glowing golden altar of the Shining One.
  6695 | D:7      | Learned a level 2 spell: Passwall
  7131 | D:7      | Found a staircase to the Ecumenical Temple.
  7225 | Temple   | Entered the Ecumenical Temple
  7874 | D:8      | Reached skill level 5 in Armour
  7875 | D:8      | Reached skill level 5 in Fighting
  7983 | D:8      | Reached skill level 5 in Conjurations
  7983 | D:8      | Reached skill level 9 in Earth Magic
  7999 | D:8      | Found Qouphe's Assorted Antiques.
  8012 | D:8      | Bought a leatherbound book for 300 gold pieces
  8047 | D:8      | Found Heurofad's Jewellery Shoppe.
  8115 | D:8      | Reached XP level 10. HP: 59/59 MP: 17/20
  8406 | D:8      | Reached skill level 5 in Stealth
  8406 | D:8      | Noticed a two-headed ogre
  8414 | D:8      | Killed a two-headed ogre
  8684 | D:8      | Found Intagg's Book Shop.
  8953 | D:8      | Bought an uncursed ring of see invisible for 225 gold
                  | pieces
  9345 | D:9      | Reached skill level 10 in Earth Magic
  9800 | D:9      | Reached XP level 11. HP: 64/64 MP: 10/22
 10028 | D:9      | Learned a level 5 spell: Bolt of Magma
 10035 | D:9      | Learned a level 6 spell: Iron Shot
 10065 | D:10     | Entered Level 10 of the Dungeon
 10070 | D:10     | Got a scorched iron ring
 10073 | D:10     | Found a staircase to the Lair.
 10093 | D:10     | Found a flagged portal.
 10093 | D:10     | Noticed Joseph
 10126 | D:10     | Killed Joseph
 10137 | Bailey   | Entered a bailey
 10179 | Bailey   | Identified the ring of Xom's Passing Interest {rF+ MR+}
                  | (You found it on level 10 of the Dungeon)
 10554 | Bailey   | Noticed an orc knight
 10616 | Bailey   | Killed an orc knight
 10712 | Bailey   | Got a pair of brightly glowing boots
 10716 | Bailey   | Identified the +1 pair of boots of Leaves {rPois rCorr
                  | Int-3 Dex+5} (You found it in a bailey)
 10809 | D:10     | Noticed Erica
 10850 | D:10     | Reached skill level 11 in Earth Magic
 10901 | D:10     | Killed Erica
 11354 | Lair:1   | Entered Level 1 of the Lair of Beasts
 11777 | Lair:1   | Reached XP level 12. HP: 12/72 MP: 6/24
 12835 | Lair:2   | Reached skill level 12 in Earth Magic
 13046 | Lair:2   | Noticed Urug
 13054 | Lair:2   | Killed Urug
 13713 | Lair:3   | Found a runed translucent door.
 13715 | Lair:3   | Identified the +6 spear of Division {freeze, *Corrode rElec
                  | rF++ rC+}
 13715 | Lair:3   | Noticed a spriggan rider
 13721 | Lair:3   | Noticed Sutsebef's ghost (journeyman TrFi)
 14087 | Lair:4   | Found a staircase to the Snake Pit.
 14287 | Lair:4   | Found a staircase to the Shoals.
 14626 | Lair:4   | Noticed an eight-headed hydra
 14631 | Lair:4   | Killed an eight-headed hydra
 14631 | Lair:4   | Reached skill level 10 in Conjurations
 14918 | Lair:4   | Found a shimmering blue altar of Sif Muna.
 15129 | Lair:5   | Reached XP level 13. HP: 50/78 MP: 15/26
 15131 | Lair:5   | Reached skill level 10 in Spellcasting
 15304 | Lair:5   | Found a dark tunnel.
 15310 | Volcano  | Entered a volcano
 15336 | Volcano  | Reached skill level 13 in Earth Magic
 15344 | Volcano  | HP: 2/78 [sun demon (8)]
 15345 | Volcano  | Slain by a sun demon

Illustrated notes

Levels and vault maps discovered:
D:1:      tarquinn_simple_flora_water_a, layout_basic, minmay_misc_feat_rugged,
          minmay_box_of_dots
D:2:      layout_basic, grunt_temple_overflow_order_and_chaos_2
D:3:      layout_rooms, chequers_ecumenical_altar_simple, uniq_sigmund,
          uniq_natasha, uniq_jessica
D:4:      minmay_evil_eye, layout_gridville, nicolae_ru_path_of_blood
D:5:      layout_basic, grunt_temple_overflow_open
D:6:      layout_basic, gammafunk_temple_overflow_claw,
          chequers_serial_rivers_marsh, uniq_maggie
D:7:      layout_basic, temple_doors_ab
D:8:      layout_cave_pools, serial_shops, shop, nicolae_shop_crystal, shop,
          minivault_1, minivault_11, chequers_garden, minmay_quadrilaterals
D:9:      layout_roguey, grunt_ministairs_13
D:10:     layout_roguey, due_lair_maze_entry_diamond, enter_bailey_3,
          uniq_joseph, uniq_erica
Temple:   nicolae_temple_figure_eight
Lair:1:   layout_chaotic_city, minmay_lair_oklob_chamber,
          infiniplex_staircase_pool_2, uniq_gastronok
Lair:2:   layout_loops_ring, uniq_urug
Lair:3:   layout_chaotic_city, ebering_ghost_funeral_grove, minmay_holes
Lair:4:   layout_roguey, minmay_shoals_entry_beasts,
          minmay_snake_entry_guardpost_small, basic_altar, serial_bayou_shore_b
Lair:5:   layout_cave_pods, enter_volcano_3
Volcano:  volcano_pools

Skill      XL: |  1  2  3  4  5  6  7  8  9 10 11 12 13 |
---------------+----------------------------------------+-----
Earth Magic    | 4 5 6 7 9 10 11 12 13 | 13.0
Fighting       | 1 2 3 4 5 6 7 8 |  8.2
Armour         | 1 2 3 4 5 6 7 8 |  8.3
Spellcasting   | 3 4 5 6 7 8 9 10 | 10.1
Conjurations   | 3 5 7 8 10 | 10.3
Stealth        | 3 4 6 7 8 |  8.4
Dodging        | |  1.5
Transmutations | |  0.7

Action                   |  1- 3 |  4- 6 |  7- 9 | 10-12 | 13-15 || total
-------------------------+-------+-------+-------+-------+-------++-------
Melee: Unarmed           |     1 |       |       |       |       ||     1
       Short sword       |    14 |       |    20 |   221 |    12 ||   267
       Dagger            |       |     4 |   182 |       |       ||   186
 Cast: Sandblast         |    37 |    64 |   144 |    73 |     1 ||   319
       Stone Arrow       |       |       |    14 |   193 |    10 ||   217
       Lee's Rapid Decon |       |       |       |    39 |     8 ||    47
       Iron Shot         |       |       |       |     3 |     1 ||     4
Evoke: Box of beasts     |       |       |       |     3 |       ||     3
       Wand              |       |       |       |     1 |     3 ||     4
  Use: Scroll            |     2 |     1 |     9 |    12 |       ||    24
       Potion            |     1 |       |     8 |     8 |     2 ||    19
 Stab: Sleeping          |     1 |       |     1 |     2 |       ||     4
       Invisible         |       |       |       |     3 |       ||     3
Armor: Robe              |     7 |    15 |       |       |       ||    22
       Leather armour    |       |       |   110 |    28 |       ||   138
       Skin              |       |       |     8 |       |       ||     8
       Troll leather arm |       |       |       |   180 |    10 ||   190
Dodge: Dodged            |    26 |    33 |   112 |   272 |     6 ||   449
       Repelled          |       |       |       |     5 |       ||     5
Block: Other             |       |       |     8 |     4 |       ||    12
       Reflection        |       |       |     2 |     4 |       ||     6

Table legend: (Time is in decaauts)
 A = Elapsed time spent in this place.
 B = Non-inter-level travel time spent in this place.
 C = Inter-level travel time spent in this place.
 D = Time resting spent in this place.
 E = Time spent auto-exploring this place.
 F = Levels seen in this place.
 G = Mean time per level.
                   A        B        C        D        E       F      G
               +--------+--------+--------+--------+--------+-----+--------+
         Total |  15332 |  14786 |    546 |   2964 |   8865 |  18 |  851.8 |
       Dungeon |  10512 |  10055 |    457 |   1892 |   6197 |  10 | 1051.2 |
        Temple |    192 |    182 |     10 |      0 |    181 |   1 |  192.0 |
          Lair |   3954 |   3875 |     79 |    692 |   2476 |   5 |  790.8 |
        Bailey |    640 |    640 |      0 |    380 |     10 |   1 |  640.0 |
       Volcano |     33 |     33 |      0 |      0 |      0 |   1 |   33.0 |
               +--------+--------+--------+--------+--------+-----+--------+

Top non-repeatable levels by time:
     D:2: 1390 daAuts
     D:5: 1227 daAuts
     D:7: 1212 daAuts
     D:8: 1202 daAuts
  Lair:4: 1134 daAuts
     D:9: 1092 daAuts
  Lair:1: 1046 daAuts
     D:4: 1041 daAuts
     D:1: 975 daAuts
     D:6: 943 daAuts
  Lair:2: 891 daAuts
  Lair:3: 768 daAuts
     D:3: 756 daAuts
    D:10: 669 daAuts
  Bailey: 640 daAuts
